 Dungeon Crawl Stone Soup version 0.30-a0-948-g4fa250aae5 (webtiles) character file.

Game seed: 12703131309939139934

891 voltaire321 the Poker (level 8, -1/61 HPs)
             Began as a Merfolk Gladiator on Mar 26, 2023.
             Slain by xian's ghost (7 damage)
             ... on level 5 of the Dungeon.
             The game lasted 00:12:05 (3882 turns).

voltaire321 the Poker (Merfolk Gladiator)           Turns: 3882, Time: 00:12:05

Health: -1/61      AC:  8    Str: 15    XL:     8   Next: 6%
Magic:  8/8        EV: 14    Int:  7    God:
Gold:   272        SH:  5    Dex: 17    Spells: 7/7 levels left

rFire   . . .      SeeInvis .    a - +2 trident (heavy)
rCold   . . .      Faith    .    v - +0 buckler
rNeg    . . .      Spirit   .    b - +0 leather armour
rPois   .          Reflect  .    c - +0 helmet
rElec   .          Rampage  .    (no cloak)
rCorr   .                        (no gloves)
Will    .....                    (no boots)
Stlth   +                        (no amulet)
HPRegen 0.30/turn                g - +4 ring of protection
MPRegen 0.11/turn                t - ring of wizardry

@: no status effects
A: (nimble swimmer 2), mertail
a: no special abilities


You were on level 5 of the Dungeon.
You visited 1 branch of the dungeon, and saw 5 of its levels.

You collected 314 gold pieces.
You spent 42 gold pieces at shops.

Inventory:

Hand Weapons
 a - a +2 heavy trident (weapon)
Missiles
 d - 3 throwing nets (quivered)
 e - a javelin
Armour
 b - a +0 leather armour (worn)
 c - a +0 helmet (worn)
 v - a +0 buckler (worn)
Jewellery
 g - a +4 ring of protection (left hand)
 t - a ring of wizardry (right hand)
 A - a ring of wizardry
Wands
 h - a wand of flame (14)
Scrolls
 i - a scroll of brand weapon
 o - 4 scrolls of teleportation
 p - 2 scrolls of vulnerability
 r - 3 scrolls of fog {unknown}
 s - a scroll of blinking {unknown}
 x - a scroll of immolation {unknown}
 y - a scroll of enchant armour {unknown}
 z - 2 scrolls of magic mapping {unknown}
Potions
 f - 2 potions of haste
 j - 2 potions of flight {unknown}
 k - 3 potions of curing
 l - 2 potions of heal wounds {unknown}
 n - a potion of brilliance
 u - 3 potions of might {unknown}
 w - a potion of attraction {unknown}
 B - a potion of mutation


   Skills:
 + Level 4.6 Fighting
 * Level 7.9 Polearms
 - Level 2.0 Throwing
 + Level 2.6 Armour
 + Level 6.3 Dodging
 + Level 2.4 Shields


You had 7 spell levels left.
You didn't know any spells.
Your spell library contained the following spells:

 Spells                   Type           Power      Damage    Failure   Level
 Sandblast                Erth           0%         2d4       28%         1
 Passwall                 Tmut/Erth      0%         N/A       41%         2
 Stone Arrow              Conj/Erth      0%         3d7       63%         3


Dungeon Overview and Level Annotations

Branches:
Dungeon (5/15)
 Temple: D:4-7

Altars:
Elyvilon

Shops:
D:3 *

Annotations:
D:5 xian's ghost, novice DsRe


Innate Abilities, Weirdness & Mutations

((You are very nimble when in or above water. (Stealth+, EV+, Speed+++)))
Your lower body shifts to a powerful aquatic tail in water.


Message History

Xian's ghost hits you.
* * * LOW HITPOINT WARNING * * *
Xian's ghost freezes you.
* * * LOW HITPOINT WARNING * * *
Xian's ghost closely misses you.
You puncture xian's ghost!
Xian's ghost is almost destroyed.
Xian's ghost hits you.
* * * LOW HITPOINT WARNING * * *
Xian's ghost freezes you.
* * * LOW HITPOINT WARNING * * *
You barely miss xian's ghost.
Xian's ghost is almost destroyed.
Xian's ghost hits you!
* * * LOW HITPOINT WARNING * * *
Xian's ghost freezes you.
* * * LOW HITPOINT WARNING * * *
You hit xian's ghost but do no damage.
Xian's ghost is almost destroyed.
Xian's ghost hits you but does no damage.
Xian's ghost closely misses you.
You feel better.
Xian's ghost hits you but does no damage.
You hit xian's ghost but do no damage.
Xian's ghost is almost destroyed.
Xian's ghost misses you.
You hit xian's ghost but do no damage.
Xian's ghost is almost destroyed.
Xian's ghost hits you.
* * * LOW HITPOINT WARNING * * *
Xian's ghost freezes you.
* * * LOW HITPOINT WARNING * * *
You barely miss xian's ghost.
Xian's ghost is almost destroyed.
Xian's ghost hits you.
* * * LOW HITPOINT WARNING * * *
Xian's ghost freezes you.
* * * LOW HITPOINT WARNING * * *
Xian's ghost hits you!
You die...

...####>##...# #~!~#
#..#........#####~~~#
#..#.###........#~~~# # #..#.#
#.########~W~# ## #..#<# #.#
#~~~###########. ##..#.###.###
##S###...#....#. ........)...#
#...#...#....)..
.....)......######..#.#........#.
..........#...).@W....#..........
...##.......########..#######.##.
.......#.....### #.#.# #.####
.#.##.#.#......# #.##.# #.#
.#.###.##.[..#.# #.# #...# ##.#
###....##.### #.# ### #.#
#.........# #.# #.#
#....##.#.###.# #.#
####)#........##


You could see xian's ghost.

Vanquished Creatures
  A water moccasin (D:5)
  A black bear (D:5)
  An ogre (D:5)
  A bullfrog (D:4)
  2 scorpions (D:5)
  A wight (D:5)
  A hound (D:5)
  A gnoll bouda (D:5)
  2 iguanas
  An orc wizard (D:5)
  A scorpion zombie (D:3)
  A hound zombie (D:3)
  A hound skeleton (D:3)
  2 gnolls (D:5)
  6 adders
  A river rat (D:5)
  A white imp (D:5)
  An ufetubus (D:4)
  An adder skeleton (D:3)
  A worm (D:3)
  4 dart slugs
  11 orcs
  5 endoplasms
  3 giant cockroaches
  8 goblins
  6 hobgoblins
  3 jackals (D:3)
  6 kobolds
  4 quokkas
  7 ball pythons
  7 bats
  4 frilled lizards
  A giant cockroach zombie (D:3)
  6 rats
103 creatures vanquished.

Vanquished Creatures (others)
  2 plants (D:3)
2 creatures vanquished.

Grand Total: 105 creatures vanquished

Notes
Turn   | Place    | Note
-------+----------+-------------------------------------------
     0 | D:1      | voltaire321 the Merfolk Gladiator began the quest for the
                  | Orb.
     0 | D:1      | Reached XP level 1. HP: 16/16 MP: 1/1
   104 | D:1      | Reached XP level 2. HP: 23/23 MP: 2/2
   516 | D:1      | Reached XP level 3. HP: 28/28 MP: 3/3
   803 | D:2      | Reached skill level 1 in Armour
  1316 | D:3      | Reached XP level 4. HP: 32/35 MP: 4/4
  1438 | D:3      | Reached skill level 5 in Polearms
  1533 | D:3      | Reached XP level 5. HP: 37/41 MP: 5/5
  1702 | D:3      | Reached skill level 5 in Dodging
  1847 | D:3      | Found a white marble altar of Elyvilon.
  1978 | D:3      | Found Pecribbi's General Store.
  1984 | D:3      | Bought a scroll of teleportation for 42 gold pieces
  2399 | D:4      | Reached skill level 6 in Polearms
  2399 | D:4      | Reached XP level 6. HP: 48/48 MP: 6/6
  2970 | D:5      | Entered Level 5 of the Dungeon
  3165 | D:5      | Reached skill level 1 in Shields
  3559 | D:5      | Reached XP level 7. HP: 54/54 MP: 7/7
  3589 | D:5      | Reached skill level 7 in Polearms
  3664 | D:5      | Identified the +7 dagger of Vodghaf {pain, Fly rN++ Int-3
                  | Stlth+}
  3765 | D:5      | Found a runed translucent door.
  3765 | D:5      | Noticed xian's ghost (novice DsRe)
  3775 | D:5      | Reached XP level 8. HP: 39/61 MP: 8/8
  3882 | D:5      | Slain by xian's ghost

Illustrated notes

Levels and vault maps discovered:
D:1:      nzn_arrival_crosshair, layout_loops_cross
D:2:      layout_loops_ring
D:3:      layout_basic, nicolae_overflow_hidden_temple,
          nicolae_elyvilon_temple_path, serial_undead, serial_undead_b,
          serial_undead_c, serial_undead_a, serial_undead_a, serial_shops,
          shop_fountains, minmay_starry_boxes
D:4:      layout_loops_cross, minmay_misc_feat_tower, minmay_misc_feat_chi,
          minmay_small_thing
D:5:      wad_river_or_something, layout_loops_ring, ebering_ghost_sewer_f

Skill      XL: |  1  2  3  4  5  6  7 |
---------------+----------------------+-----
Armour         | 1 2 |  2.6
Fighting       | 3 4 |  4.6
Polearms       | 5 6 7 |  7.9
Dodging        | 5 6 |  6.3
Shields        | 1 2 |  2.4
Throwing       | |  2.0

Action                     |  1- 3 |  4- 6 |  7- 9 || total
---------------------------+-------+-------+-------++-------
  Melee: Trident           |   126 |   211 |    43 ||   380
    Use: Scroll            |       |    10 |       ||    10
         Potion            |       |       |     1 ||     1
   Stab: Sleeping          |     3 |     5 |     1 ||     9
 Armour: Leather armour    |    28 |    50 |    15 ||    93
  Dodge: Dodged            |    66 |   129 |    20 ||   215
  Block: Buckler           |       |    16 |     4 ||    20

Table legend: (Time is in decaauts)
 A = Elapsed time spent in this place.
 B = Non-inter-level travel time spent in this place.
 C = Inter-level travel time spent in this place.
 D = Time resting spent in this place.
 E = Time spent auto-exploring this place.
 F = Levels seen in this place.
 G = Mean time per level.
                   A        B        C        D        E       F      G
               +--------+--------+--------+--------+--------+-----+--------+
         Total |   3926 |   3782 |    144 |    505 |   2123 |   5 |  785.2 |
       Dungeon |   3926 |   3782 |    144 |    505 |   2123 |   5 |  785.2 |
               +--------+--------+--------+--------+--------+-----+--------+

Top non-repeatable levels by time:
     D:4: 1032 daAuts
     D:3: 830 daAuts
     D:5: 769 daAuts
     D:1: 689 daAuts
     D:2: 604 daAuts
